AoeStats
← Jeffrey

Arena

505374375Analyzed
4v4 RM · 24d ago on Sep 9, 2026· 91m 53s· 8 players
Game mode
Random Map
Map size
Large (8 player)
Population
200
Speed
Normal
Resources
Standard
Victory
Conquest
Starting age
Dark Age
Ending age
Imperial Age
RankedLock teamsTeams togetherTeam positionsShared explorationLock speedFull tech treeHidden civsTurbo modeCheats
Victory
Defeat
🇵🇷 Persians · Puerto Rico
805
+12
🇺🇸 Vietnamese · United States
778
+13
🇺🇸 Britons · United States
755
+14
🇺🇸 Teutons · United States
646
+18
🇨🇦 Sicilians · Canada
729
-15
🇲🇽 Turks · Mexico
713
-14
🇨🇦 Tupi · Canada
708
-14
🇺🇸 Franks · United States
705
-14
DaveyJones
0:51 Loom
11:55 Feudal Age
12:22 Double-Bit Axe
13:20 Wheelbarrow
20:10 Castle Age
18:38 Stone Mining
20:58 Forging
21:45 Bow Saw
23:11 Hand Cart
23:28 Scale Barding Armor
24:47 Gold Mining
27:34 Scale Mail Armor
27:37 Husbandry
31:28 Imperial Age
29:52 Squires
29:47 Fletching
31:10 Fortified Wall
30:51 Pikeman
31:01 Light Cavalry
32:55 Padded Archer Armor
34:41 Gold Shaft Mining
34:24 Elite Skirmisher
34:29 Cavalier
36:37 Chain Barding Armor
37:26 Paladin
44:06 Plate Barding Armor
43:33 Murder Holes
47:22 Iron Casting
46:24 Halberdier
47:08 Bodkin Arrow
50:23 Blast Furnace
Azteca Beleren
0:31 Loom
11:27 Feudal Age
13:00 Wheelbarrow
12:14 Double-Bit Axe
12:11 Horse Collar
21:56 Castle Age
20:58 Gold Mining
23:15 Bow Saw
23:08 Heavy Plow
24:12 Stone Mining
24:19 Treadmill Crane
25:38 Gold Shaft Mining
25:34 Fortified Wall
29:36 Imperial Age
30:46 Ballistics
30:48 Bombard Tower
30:25 Murder Holes
30:42 Masonry
31:19 Wheelbarrow
31:58 Two-Man Saw
35:41 Architecture
35:25 Artillery
35:47 Conscription
36:44 Hoardings
37:42 Bloodlines
37:51 Forging
37:47 Scale Barding Armor
37:24 Elite Janissary
38:08 Husbandry
38:04 Heavy Camel Rider
44:28 Chain Barding Armor
44:44 Iron Casting
53:08 Caravan
61:26 Hand Cart
CastNowski
0:26 Loom
0:52 Loom
1:29 Loom
10:55 Feudal Age
11:29 Double-Bit Axe
11:47 Horse Collar
13:10 Wheelbarrow
14:57 Town Watch
21:55 Castle Age
24:59 Bow Saw
25:40 Forging
25:30 Scale Mail Armor
26:23 Heavy Plow
27:44 Hand Cart
30:02 Murder Holes
30:25 Scale Mail Armor
30:16 Fletching
31:29 Ballistics
31:20 Masonry
31:43 Town Patrol
32:00 Chain Mail Armor
31:44 Bodkin Arrow
33:59 Gold Mining
34:00 Stone Mining
38:26 Gold Shaft Mining
38:26 Stone Shaft Mining
37:55 Caravan
39:01 Iron Casting
38:41 Chain Mail Armor
41:46 Arson
42:01 Squires
47:11 Imperial Age
45:26 Pikeman
47:13 Elite Serjeant
48:14 Conscription
48:29 Hoardings
47:25 Sappers
47:24 Halberdier
49:05 Blast Furnace
48:36 Plate Mail Armor
48:06 Bracer
47:54 Arrowslits
47:35 Capped Ram
48:14 Onager
50:08 Chemistry
49:14 Siege Engineers
49:22 Guilds
49:50 Siege Ram
50:12 Siege Onager
Jeffrey
13:41 Feudal Age
18:37 Horse Collar
18:46 Double-Bit Axe
18:54 Gold Mining
24:19 Castle Age
23:32 Stone Mining
24:55 Fletching
25:06 Padded Archer Armor
26:19 Wheelbarrow
25:31 Town Watch
28:56 Hand Cart
31:14 Imperial Age
30:24 Bodkin Arrow
30:44 Leather Archer Armor
33:40 Ballistics
33:29 Curare
33:45 Conscription
34:35 Elite Blackwood Archer
43:16 Ring Archer Armor
42:46 Bracer
45:34 Caravan
65:17 Caciques
65:03 Arson
65:19 Squires
69:19 Elite Ibirapema Warrior
79:59 Forging
79:49 Scale Mail Armor
BasicOrc4106
2:05 Loom
2:37 Loom
3:09 Loom
12:36 Feudal Age
14:04 Double-Bit Axe
14:01 Horse Collar
15:55 Gold Mining
19:57 Castle Age
18:34 Wheelbarrow
17:44 Town Watch
21:21 Heavy Plow
21:36 Bow Saw
23:10 Hand Cart
24:00 Caravan
28:39 Fortified Wall
28:51 Ballistics
31:23 Imperial Age
29:42 Herbal Medicine
30:05 Stone Mining
31:43 Stone Shaft Mining
31:55 Forging
31:51 Scale Barding Armor
33:53 Chemistry
32:33 Treadmill Crane
33:57 Chemistry
33:20 Chain Barding Armor
33:35 Iron Casting
34:06 Crop Rotation
34:43 Two-Man Saw
35:02 Plate Barding Armor
34:43 Husbandry
34:54 Bloodlines
34:12 Onager
34:40 Elite Battle Elephant
36:32 Chatras
40:22 Paper Money
41:51 Siege Engineers
41:44 Murder Holes
43:06 Padded Archer Armor
42:56 Fletching
43:43 Town Patrol
44:27 Leather Archer Armor
44:07 Bodkin Arrow
45:22 Bracer
45:52 Ring Archer Armor
46:40 Hoardings
48:36 Elite Rattan Archer
53:29 Thumb Ring
83:22 Elite Skirmisher
86:12 Imperial Skirmisher
Bierserker
12:07 Feudal Age
12:40 Double-Bit Axe
14:20 Horse Collar
14:36 Gold Mining
24:45 Wheelbarrow
23:57 Town Watch
24:46 Forging
24:37 Scale Mail Armor
24:29 Fletching
27:19 Castle Age
26:42 Arson
26:49 Arson
26:59 Stone Mining
27:48 Wheelbarrow
28:46 Bow Saw
28:39 Heavy Plow
28:30 Gambesons
29:15 Caravan
31:41 Chain Mail Armor
32:02 Iron Casting
33:07 Stone Shaft Mining
32:55 Hand Cart
32:51 Town Watch
33:59 Bodkin Arrow
37:19 Town Watch
43:19 Pikeman
43:59 Squires
47:17 Imperial Age
49:08 Blast Furnace
48:39 Plate Mail Armor
47:32 Halberdier
49:07 Hoardings
48:55 Elite Teutonic Knight
50:47 Conscription
52:54 Crenellations
67:01 Ballistics
66:32 Guard Tower
73:01 Keep
75:26 Ironclad
75:44 Hoardings
90:34 Town Patrol
Yomokillroy
0:36 Loom
2:07 Loom
12:16 Feudal Age
12:55 Double-Bit Axe
18:11 Wheelbarrow
17:56 Arson
21:18 Castle Age
21:16 Padded Archer Armor
21:07 Fletching
21:28 Forging
23:27 Bow Saw
25:48 Squires
25:10 Pikeman
27:28 Horse Collar
28:15 Ballistics
27:46 Heated Shot
35:06 Imperial Age
32:52 Hand Cart
33:19 Husbandry
34:08 Heavy Plow
36:14 Conscription
35:55 Cavalier
37:11 Leather Archer Armor
36:57 Scale Mail Armor
37:03 Scale Barding Armor
68:03 Yeomen
69:31 Warwolf
76:52 Chemistry
76:48 Chain Mail Armor
78:08 Halberdier
88:07 Capped Ram
91:22 Elite Skirmisher
92:20 Bodkin Arrow
yamir0000
9:19 Loom
13:42 Feudal Age
14:06 Double-Bit Axe
17:08 Wheelbarrow
19:34 Castle Age
19:23 Horse Collar
19:36 Gold Mining
19:37 Stone Mining
20:06 Forging
20:03 Scale Barding Armor
27:03 Chain Barding Armor
30:20 Iron Casting
33:04 Kamandaran
34:37 Hand Cart
35:52 Crossbowman
36:42 Husbandry
36:53 Bloodlines
37:24 Fletching
37:35 Padded Archer Armor
41:01 Imperial Age
40:54 Caravan
41:28 Devotion
45:11 Chemistry
44:52 Plate Barding Armor
44:14 Bodkin Arrow
44:36 Leather Archer Armor
44:37 Heavy Plow
46:24 Bow Saw
47:43 Blast Furnace
47:07 Conscription
47:54 Crop Rotation
48:27 Two-Man Saw
47:15 Town Watch
48:18 Thumb Ring
48:32 Elite War Elephant
51:58 Ring Archer Armor
53:25 Two-Man Saw
53:06 Ballistics
52:37 Heated Shot
53:02 Masonry
58:51 Citadels
63:51 Town Patrol
77:55 Scale Mail Armor
Connection lost

Rejoining the realm…

Still unreachable

The connection could not be restored.

Session expired

The server has moved on; the page needs a fresh start.